Workbook
Name ACOMPANHAMENTO: IF(VALUE([1]MENU!$O$4)=2,"BM","PLE")
Name ORÇAMENTO.BancoRef: COMPOSIÇÕES!#REF!
Name ORÇAMENTO.BancoRef: COTAÇÕES!#REF!
Name ORÇAMENTO.BancoRef: ORÇAMENTO!#REF!
Name ORÇAMENTO.CustoUnitario: ROUND(COMPOSIÇÕES!$R1,15-13*COMPOSIÇÕES!#REF!)
Name ORÇAMENTO.CustoUnitario: ROUND(COTAÇÕES!$Q1,15-13*COTAÇÕES!#REF!)
Name ORÇAMENTO.CustoUnitario: ROUND(ORÇAMENTO!$X1,15-13*ORÇAMENTO!#REF!)
Name ORÇAMENTO.PrecoUnitarioLicitado: COMPOSIÇÕES!$AI$1
Name ORÇAMENTO.PrecoUnitarioLicitado: COTAÇÕES!$AH$1
Name ORÇAMENTO.PrecoUnitarioLicitado: ORÇAMENTO!$AO$1
Name REFERENCIA.Descricao: IF(ISNUMBER(COMPOSIÇÕES!$AC1),OFFSET(INDIRECT(COMPOSIÇÕES!ORÇAMENTO.BancoRef),COMPOSIÇÕES!$AC1-1,3,1),COMPOSIÇÕES!$AC1)
Name REFERENCIA.Descricao: IF(ISNUMBER(COTAÇÕES!$AB1),OFFSET(INDIRECT(COTAÇÕES!ORÇAMENTO.BancoRef),COTAÇÕES!$AB1-1,3,1),COTAÇÕES!$AB1)
Name REFERENCIA.Descricao: IF(ISNUMBER(ORÇAMENTO!$AI1),OFFSET(INDIRECT(ORÇAMENTO.BancoRef),ORÇAMENTO!$AI1-1,3,1),ORÇAMENTO!$AI1)
Name REFERENCIA.Unidade: IF(ISNUMBER(COMPOSIÇÕES!$AC1),OFFSET(INDIRECT(COMPOSIÇÕES!ORÇAMENTO.BancoRef),COMPOSIÇÕES!$AC1-1,4,1),"-")
Name REFERENCIA.Unidade: IF(ISNUMBER(COTAÇÕES!$AB1),OFFSET(INDIRECT(COTAÇÕES!ORÇAMENTO.BancoRef),COTAÇÕES!$AB1-1,4,1),"-")
Name REFERENCIA.Unidade: IF(ISNUMBER(ORÇAMENTO!$AI1),OFFSET(INDIRECT(ORÇAMENTO.BancoRef),ORÇAMENTO!$AI1-1,4,1),"-")
Name SomaAgrup: SUMIF(OFFSET(COMPOSIÇÕES!$B1,1,0,COMPOSIÇÕES!$C1),"S",OFFSET(COMPOSIÇÕES!A1,1,0,COMPOSIÇÕES!$C1))
Name SomaAgrup: SUMIF(OFFSET(COTAÇÕES!$B1,1,0,COTAÇÕES!$C1),"S",OFFSET(COTAÇÕES!A1,1,0,COTAÇÕES!$C1))
Name SomaAgrup: SUMIF(OFFSET(ORÇAMENTO!$B1,1,0,ORÇAMENTO!$C1),"S",OFFSET(ORÇAMENTO!A1,1,0,ORÇAMENTO!$C1))
Name TIPOORCAMENTO: IF(VALUE([1]MENU!$O$3)=2,"Licitado","Proposto")
Name VTOTAL1: ROUND(COMPOSIÇÕES!$Q1*COMPOSIÇÕES!$T1,15-13*COMPOSIÇÕES!#REF!)
Name VTOTAL1: ROUND(COTAÇÕES!$P1*COTAÇÕES!$S1,15-13*COTAÇÕES!#REF!)
Name VTOTAL1: ROUND(ORÇAMENTO!$W1*ORÇAMENTO!$Z1,15-13*ORÇAMENTO!#REF!)

Sheet ORÇAMENTO
B1: PREFEITURA MUNICIPAL DE ROCA SALES
B3: ORÇAMENTO CAPTAÇÃO, TRATAMENTO E RESERVAÇÃO DE ÁGUA
G6: Referência: SINAPI RS 02/2026
G7: BDI não desonerado: 20,85%
M8: VALOR TOTAL DA OBRA | O8: =O120 -> 115623.93
B10: ITEM | C10: FONTE | D10: CÓDIGO | E10: DESCRIÇÃO | F10: UNIDADE | G10: QUANTIDADE | H10: CUSTO UNITÁRIO (sem BDI) | I10: BDI (%) Não desonerado | J10: PREÇO UNITÁRIO (com BDI) | K10: Preço unitário Mão de Obra (com BDI) | L10: Preço unitário Material (com BDI) | M10: Valor total Mão de Obra (com BDI) | N10: Valor total Material (com BDI) | O10: VALOR TOTAL (com BDI)
B12: 1. | E12: Administração local | N12: Subtotal | O12: =O13 -> 1584.13
B13: 1.1 | C13: Composição | D13: 11 | E13: Administração local | F13: conj. | G13: 1 | H13: 1310.82 | I13: 0.2085 | J13: =ROUND(H13*(1+I13),2) -> 1584.13 | K13: =ROUND(J13*0.3,2) -> 475.24 | L13: =J13-K13 -> 1108.89 | M13: =ROUND(K13*G13,2) -> 475.24 | N13: =O13-M13 -> 1108.89 | O13: =ROUND(G13*J13,2) -> 1584.13
B15: 2. | E15: Serviços iniciais | N15: Subtotal | O15: =O16 -> 2522.03
B16: 2.1 | C16: SINAPI | D16: 103689 | E16: Fornecimento e instalação de placa de obra com chapa galvanizada e estrutura de madeira. Af_03/2022_ps | F16: m² | G16: 4.5 | H16: 463.76 | I16: 0.2085 | J16: =ROUND(H16*(1+I16),2) -> 560.45 | K16: =ROUND(J16*0.3,2) -> 168.14 | L16: =J16-K16 -> 392.31 | M16: =ROUND(K16*G16,2) -> 756.63 | N16: =O16-M16 -> 1765.4 | O16: =ROUND(G16*J16,2) -> 2522.03
B18: 3. | E18: Abrigo de poço | N18: Subtotal | O18: =O19+O43+O55 -> 13673.72
B19: 3.1 | E19: Abrigo de poço - Construção | N19: Subtotal | O19: =SUM(O20:O41) -> 10582.34
B20: 3.1.1 | C20: SINAPI | D20: 100704 | E20: Porta cadeado zincado oxidado preto com cadeado de aço inox, largura de *50* mm. Af_10/2025 | F20: un | G20: 1 | H20: 81.63 | I20: 0.2085 | J20: =ROUND(H20*(1+I20),2) -> 98.65 | K20: =ROUND(J20*0.3,2) -> 29.6 | L20: =J20-K20 -> 69.05 | M20: =ROUND(K20*G20,2) -> 29.6 | N20: =O20-M20 -> 69.05 | O20: =ROUND(G20*J20,2) -> 98.65
B21: 3.1.2 | C21: Composição | D21: Cerca | E21: Cercamento com tela de arrame galvanizado | F21: m | G21: 20.6 | H21: 134.79 | I21: 0.2085 | J21: =ROUND(H21*(1+I21),2) -> 162.89 | K21: =ROUND(J21*0.3,2) -> 48.87 | L21: =J21-K21 -> 114.02 | M21: =ROUND(K21*G21,2) -> 1006.72 | N21: =O21-M21 -> 2348.81 | O21: =ROUND(G21*J21,2) -> 3355.53
B22: 3.1.3 | C22: SINAPI-I | D22: 45553 | E22: Portao de abrir / giro, para uso em alambrados, estruturado por tubos de aço galvanizado, com tela de arame, 0,90 x 2,10 m | F22: un | G22: 1 | H22: 300 | I22: 0.2085 | J22: =ROUND(H22*(1+I22),2) -> 362.55 | K22: =ROUND(J22*0.3,2) -> 108.77 | L22: =J22-K22 -> 253.78 | M22: =ROUND(K22*G22,2) -> 108.77 | N22: =O22-M22 -> 253.78 | O22: =ROUND(G22*J22,2) -> 362.55
B23: 3.1.4 | C23: SINAPI | D23: 97083 | E23: Compactação mecânica de solo para execução de radier, piso de concreto ou laje sobre solo, com compactador de solos a percussão. Af_09/2021 | F23: m² | G23: 4 | H23: 3.75 | I23: 0.2085 | J23: =ROUND(H23*(1+I23),2) -> 4.53 | K23: =ROUND(J23*0.3,2) -> 1.36 | L23: =J23-K23 -> 3.17 | M23: =ROUND(K23*G23,2) -> 5.44 | N23: =O23-M23 -> 12.68 | O23: =ROUND(G23*J23,2) -> 18.12
B24: 3.1.5 | C24: SINAPI | D24: 5680 | E24: Retroescavadeira sobre rodas com carregadeira, tração 4x2, potência líq. 79 HP, caçamba carreg. Cap. Mín. 1 m³, caçamba retro cap. 0,20 m³, peso operacional mín. 6.570 kg, profundidade escavação máx. 4,37 m - chp diurno. Af_06/2014 | F24: chp | G24: 2 | H24: 139.86 | I24: 0.2085 | J24: =ROUND(H24*(1+I24),2) -> 169.02 | K24: =ROUND(J24*0.3,2) -> 50.71 | L24: =J24-K24 -> 118.31 | M24: =ROUND(K24*G24,2) -> 101.42 | N24: =O24-M24 -> 236.62 | O24: =ROUND(G24*J24,2) -> 338.04
B25: 3.1.6 | C25: SINAPI | D25: 100324 | E25: Lastro com material granular (pedra britada n.1 e pedra britada n.2), aplicado em pisos ou lajes sobre solo, espessura de *10 cm*. Af_01/2024 | F25: m³ | G25: 0.4 | H25: 181.09 | I25: 0.2085 | J25: =ROUND(H25*(1+I25),2) -> 218.85 | K25: =ROUND(J25*0.3,2) -> 65.66 | L25: =J25-K25 -> 153.19 | M25: =ROUND(K25*G25,2) -> 26.26 | N25: =O25-M25 -> 61.28 | O25: =ROUND(G25*J25,2) -> 87.54
B26: 3.1.7 | C26: SINAPI | D26: 97101 | E26: Execução de radier, espessura de 10 cm, fck = 30 mpa, com uso de formas em madeira serrada. Af_09/2021 | F26: m² | G26: 4 | H26: 185.37 | I26: 0.2085 | J26: =ROUND(H26*(1+I26),2) -> 224.02 | K26: =ROUND(J26*0.3,2) -> 67.21 | L26: =J26-K26 -> 156.81 | M26: =ROUND(K26*G26,2) -> 268.84 | N26: =O26-M26 -> 627.24 | O26: =ROUND(G26*J26,2) -> 896.08
B27: 3.1.8 | C27: SINAPI | D27: 89298 | E27: Alvenaria estrutural de blocos cerâmicos 14x19x39, (espessura de 14 cm), utilizando colher de pedreiro e argamassa de assentamento com preparo em betoneira. Af_03/2023 | F27: m² | G27: 10.09 | H27: 86.71 | I27: 0.2085 | J27: =ROUND(H27*(1+I27),2) -> 104.79 | K27: =ROUND(J27*0.3,2) -> 31.44 | L27: =J27-K27 -> 73.35 | M27: =ROUND(K27*G27,2) -> 317.23 | N27: =O27-M27 -> 740.1 | O27: =ROUND(G27*J27,2) -> 1057.33
B28: 3.1.9 | C28: SINAPI | D28: 87878 | E28: Chapisco aplicado em alvenarias e estruturas de concreto internas, com colher de pedreiro. Argamassa traço 1:3 com preparo manual. Af_10/2022 | F28: m² | G28: 20.23 | H28: 5.38 | I28: 0.2085 | J28: =ROUND(H28*(1+I28),2) -> 6.5 | K28: =ROUND(J28*0.3,2) -> 1.95 | L28: =J28-K28 -> 4.55 | M28: =ROUND(K28*G28,2) -> 39.45 | N28: =O28-M28 -> 92.05 | O28: =ROUND(G28*J28,2) -> 131.5
B29: 3.1.10 | C29: SINAPI | D29: 87794 | E29: Emboço ou massa única em argamassa traço 1:2:8, preparo manual, aplicada manualmente em panos cegos de fachada (sem presença de vãos), espessura de 25 mm. Af_09/2022 | F29: m² | G29: 20.23 | H29: 46.53 | I29: 0.2085 | J29: =ROUND(H29*(1+I29),2) -> 56.23 | K29: =ROUND(J29*0.3,2) -> 16.87 | L29: =J29-K29 -> 39.36 | M29: =ROUND(K29*G29,2) -> 341.28 | N29: =O29-M29 -> 796.25 | O29: =ROUND(G29*J29,2) -> 1137.53
B30: 3.1.11 | C30: SINAPI | D30: 96530 | E30: Fabricação, montagem e desmontagem de fôrma para viga baldrame, em madeira serrada, e=25 mm, 1 utilização. Af_01/2024 | F30: m² | G30: =4.5*0.3 -> 1.35 | H30: 138.93 | I30: 0.2085 | J30: =ROUND(H30*(1+I30),2) -> 167.9 | K30: =ROUND(J30*0.3,2) -> 50.37 | L30: =J30-K30 -> 117.53 | M30: =ROUND(K30*G30,2) -> 68 | N30: =O30-M30 -> 158.67 | O30: =ROUND(G30*J30,2) -> 226.67
B31: 3.1.12 | C31: SINAPI | D31: 103670 | E31: Lançamento com uso de baldes, adensamento e acabamento de concreto em estruturas. Af_02/2022 | F31: m³ | G31: =ROUND(4.5*0.15*0.2,2) -> 0.14 | H31: 330.94 | I31: 0.2085 | J31: =ROUND(H31*(1+I31),2) -> 399.94 | K31: =ROUND(J31*0.3,2) -> 119.98 | L31: =J31-K31 -> 279.96 | M31: =ROUND(K31*G31,2) -> 16.8 | N31: =O31-M31 -> 39.19 | O31: =ROUND(G31*J31,2) -> 55.99
B32: 3.1.13 | C32: SINAPI | D32: 94969 | E32: Concreto fck = 15mpa, traço 1:3,4:3,5 (em massa seca de cimento/ areia média/ brita 1) - preparo mecânico com betoneira 600 l. Af_05/2021 | F32: m³ | G32: =G31 -> 0.14 | H32: 472.76 | I32: 0.2085 | J32: =ROUND(H32*(1+I32),2) -> 571.33 | K32: =ROUND(J32*0.3,2) -> 171.4 | L32: =J32-K32 -> 399.93 | M32: =ROUND(K32*G32,2) -> 24 | N32: =O32-M32 -> 55.99 | O32: =ROUND(G32*J32,2) -> 79.99
B33: 3.1.14 | C33: SINAPI | D33: 89998 | E33: Armação de cinta de alvenaria estrutural; diâmetro de 10,0 mm. Af_09/2021 | F33: kg | G33: =4.5*0.15*0.2*80 -> 10.8 | H33: 10.46 | I33: 0.2085 | J33: =ROUND(H33*(1+I33),2) -> 12.64 | K33: =ROUND(J33*0.3,2) -> 3.79 | L33: =J33-K33 -> 8.85 | M33: =ROUND(K33*G33,2) -> 40.93 | N33: =O33-M33 -> 95.58 | O33: =ROUND(G33*J33,2) -> 136.51
B34: 3.1.15 | C34: SINAPI-I | D34: 127 | E34: Aditivo impermeabilizante de pega ultrarrapida, liquido e isento de cloretos | F34: l | G34: 1 | H34: 17.5 | I34: 0.2085 | J34: =ROUND(H34*(1+I34),2) -> 21.15 | K34: =ROUND(J34*0.3,2) -> 6.35 | L34: =J34-K34 -> 14.8 | M34: =ROUND(K34*G34,2) -> 6.35 | N34: =O34-M34 -> 14.8 | O34: =ROUND(G34*J34,2) -> 21.15
B35: 3.1.16 | C35: SINAPI | D35: 92543 | E35: Trama de madeira composta por terças para telhados de até 2 águas para telha ondulada de fibrocimento, metálica, plástica ou termoacústica, incluso transporte vertical. Af_10/2025 | F35: m² | G35: =G36 -> 6.25 | H35: 25.93 | I35: 0.2085 | J35: =ROUND(H35*(1+I35),2) -> 31.34 | K35: =ROUND(J35*0.3,2) -> 9.4 | L35: =J35-K35 -> 21.94 | M35: =ROUND(K35*G35,2) -> 58.75 | N35: =O35-M35 -> 137.13 | O35: =ROUND(G35*J35,2) -> 195.88
B36: 3.1.17 | C36: SINAPI | D36: 94213 | E36: Telhamento com telha de aço/alumínio e = 0,5 mm, com até 2 águas, incluso içamento. Af_07/2019 | F36: m² | G36: 6.25 | H36: 58.99 | I36: 0.2085 | J36: =ROUND(H36*(1+I36),2) -> 71.29 | K36: =ROUND(J36*0.3,2) -> 21.39 | L36: =J36-K36 -> 49.9 | M36: =ROUND(K36*G36,2) -> 133.69 | N36: =O36-M36 -> 311.87 | O36: =ROUND(G36*J36,2) -> 445.56
B37: 3.1.18 | C37: SINAPI | D37: 88485 | E37: Fundo selador acrílico, aplicação manual em parede, uma demão. Af_04/2023 | F37: m² | G37: =G29 -> 20.23 | H37: 4.02 | I37: 0.2085 | J37: =ROUND(H37*(1+I37),2) -> 4.86 | K37: =ROUND(J37*0.3,2) -> 1.46 | L37: =J37-K37 -> 3.4 | M37: =ROUND(K37*G37,2) -> 29.54 | N37: =O37-M37 -> 68.78 | O37: =ROUND(G37*J37,2) -> 98.32
B38: 3.1.19 | C38: SINAPI | D38: 88489 | E38: Pintura látex acrílica premium, aplicação manual em paredes, duas demãos. Af_04/2023 | F38: m² | G38: =G37 -> 20.23 | H38: 14.16 | I38: 0.2085 | J38: =ROUND(H38*(1+I38),2) -> 17.11 | K38: =ROUND(J38*0.3,2) -> 5.13 | L38: =J38-K38 -> 11.98 | M38: =ROUND(K38*G38,2) -> 103.78 | N38: =O38-M38 -> 242.36 | O38: =ROUND(G38*J38,2) -> 346.14
B39: 3.1.20 | C39: SINAPI | D39: 100740 | E39: Pintura com tinta alquídica de acabamento (esmalte sintético acetinado) aplicada a rolo ou pincel sobre perfil metálico executado em fábrica (por demão). Af_01/2020 | F39: m² | G39: =2.1*2*0.8 -> 3.36 | H39: 12.27 | I39: 0.2085 | J39: =ROUND(H39*(1+I39),2) -> 14.83 | K39: =ROUND(J39*0.3,2) -> 4.45 | L39: =J39-K39 -> 10.38 | M39: =ROUND(K39*G39,2) -> 14.95 | N39: =O39-M39 -> 34.88 | O39: =ROUND(G39*J39,2) -> 49.83
B40: 3.1.21 | C40: SINAPI | D40: 100719 | E40: Pintura com tinta alquídica de fundo (tipo zarcão) pulverizada sobre perfil metálico executado em fábrica (por demão). Af_01/2020_pe | F40: m² | G40: =G39 -> 3.36 | H40: 11.83 | I40: 0.2085 | J40: =ROUND(H40*(1+I40),2) -> 14.3 | K40: =ROUND(J40*0.3,2) -> 4.29 | L40: =J40-K40 -> 10.01 | M40: =ROUND(K40*G40,2) -> 14.41 | N40: =O40-M40 -> 33.64 | O40: =ROUND(G40*J40,2) -> 48.05
B41: 3.1.22 | C41: SINAPI | D41: 94807 | E41: Porta em aço de abrir tipo veneziana sem guarnição, 90x210cm, fixação com parafusos - fornecimento e instalação. Af_10/2025 | F41: un | G41: =ROUND(0.82*2.1,2) -> 1.72 | H41: 671.3 | I41: 0.2085 | J41: =ROUND(H41*(1+I41),2) -> 811.27 | K41: =ROUND(J41*0.3,2) -> 243.38 | L41: =J41-K41 -> 567.89 | M41: =ROUND(K41*G41,2) -> 418.61 | N41: =O41-M41 -> 976.77 | O41: =ROUND(G41*J41,2) -> 1395.38
B43: 3.2 | E43: Abrigo de poço - Instalações elétricas | N43: Subtotal | O43: =SUM(O44:O53) -> 1218.2
B44: 3.2.1 | C44: SINAPI | D44: 97667 | E44: Eletroduto flexível corrugado, PEAD, DN 50 (1 1/2"), para rede enterrada de distribuição de energia elétrica - fornecimento e instalação. Af_12/2021 | F44: m | G44: 27 | H44: 11.55 | I44: 0.2085 | J44: =ROUND(H44*(1+I44),2) -> 13.96 | K44: =ROUND(J44*0.3,2) -> 4.19 | L44: =J44-K44 -> 9.77 | M44: =ROUND(K44*G44,2) -> 113.13 | N44: =O44-M44 -> 263.79 | O44: =ROUND(G44*J44,2) -> 376.92
B45: 3.2.2 | C45: SINAPI | D45: 101560 | E45: Cabo de cobre flexível isolado, 10 mm², 0,6/1,0 KV, para rede aérea de distribuição de energia elétrica de baixa tensão - fornecimento e instalação. Af_12/2025 | F45: m | G45: 30 | H45: 10.55 | I45: 0.2085 | J45: =ROUND(H45*(1+I45),2) -> 12.75 | K45: =ROUND(J45*0.3,2) -> 3.83 | L45: =J45-K45 -> 8.92 | M45: =ROUND(K45*G45,2) -> 114.9 | N45: =O45-M45 -> 267.6 | O45: =ROUND(G45*J45,2) -> 382.5
B46: 3.2.3 | C46: SINAPI | D46: 91864 | E46: Eletroduto rígido roscável, pvc, DN 32 mm (1"), para circuitos terminais, instalado em forro - fornecimento e instalação. Af_03/2023 | F46: m | G46: 10 | H46: 19.33 | I46: 0.2085 | J46: =ROUND(H46*(1+I46),2) -> 23.36 | K46: =ROUND(J46*0.3,2) -> 7.01 | L46: =J46-K46 -> 16.35 | M46: =ROUND(K46*G46,2) -> 70.1 | N46: =O46-M46 -> 163.5 | O46: =ROUND(G46*J46,2) -> 233.6
B47: 3.2.4 | C47: SINAPI | D47: 91925 | E47: Cabo de cobre flexível isolado, 1,5 mm², anti-chama 0,6/1,0 KV, para circuitos terminais - fornecimento e instalação. Af_03/2023 | F47: m | G47: 10 | H47: 3.84 | I47: 0.2085 | J47: =ROUND(H47*(1+I47),2) -> 4.64 | K47: =ROUND(J47*0.3,2) -> 1.39 | L47: =J47-K47 -> 3.25 | M47: =ROUND(K47*G47,2) -> 13.9 | N47: =O47-M47 -> 32.5 | O47: =ROUND(G47*J47,2) -> 46.4
B48: 3.2.5 | C48: SINAPI | D48: 91927 | E48: Cabo de cobre flexível isolado, 2,5 mm², anti-chama 0,6/1,0 KV, para circuitos terminais - fornecimento e instalação. Af_03/2023 | F48: m | G48: 10 | H48: 5.16 | I48: 0.2085 | J48: =ROUND(H48*(1+I48),2) -> 6.24 | K48: =ROUND(J48*0.3,2) -> 1.87 | L48: =J48-K48 -> 4.37 | M48: =ROUND(K48*G48,2) -> 18.7 | N48: =O48-M48 -> 43.7 | O48: =ROUND(G48*J48,2) -> 62.4
B49: 3.2.6 | C49: SINAPI | D49: 103782 | E49: Luminária tipo plafon circular, de sobrepor, com led de 12/13 W - fornecimento e instalação. Af_09/2024 | F49: un | G49: 1 | H49: 30.73 | I49: 0.2085 | J49: =ROUND(H49*(1+I49),2) -> 37.14 | K49: =ROUND(J49*0.3,2) -> 11.14 | L49: =J49-K49 -> 26 | M49: =ROUND(K49*G49,2) -> 11.14 | N49: =O49-M49 -> 26 | O49: =ROUND(G49*J49,2) -> 37.14
B50: 3.2.7 | C50: SINAPI-I | D50: 12147 | E50: Tomada 2P+T 10A 250V, conjunto montado para sobrepor 4" x 2" (caixa + modulo) | F50: un | G50: 1 | H50: 15.09 | I50: 0.2085 | J50: =ROUND(H50*(1+I50),2) -> 18.24 | K50: =ROUND(J50*0.3,2) -> 5.47 | L50: =J50-K50 -> 12.77 | M50: =ROUND(K50*G50,2) -> 5.47 | N50: =O50-M50 -> 12.77 | O50: =ROUND(G50*J50,2) -> 18.24
B51: 3.2.8 | C51: SINAPI-I | D51: 12129 | E51: Interruptor simples 10A, 250V, conjunto montado para sobrepor 4" x 2" (caixa + 2 modulos) | F51: un | G51: 1 | H51: 13.42 | I51: 0.2085 | J51: =ROUND(H51*(1+I51),2) -> 16.22 | K51: =ROUND(J51*0.3,2) -> 4.87 | L51: =J51-K51 -> 11.35 | M51: =ROUND(K51*G51,2) -> 4.87 | N51: =O51-M51 -> 11.35 | O51: =ROUND(G51*J51,2) -> 16.22
B52: 3.2.9 | C52: SINAPI | D52: 103288 | E52: Rasgo e chumbamento em alvenaria para tubos de split parede de 9000 a 24000 BTUs/h. Af_11/2021 | F52: un | G52: 2 | H52: 16.38 | I52: 0.2085 | J52: =ROUND(H52*(1+I52),2) -> 19.8 | K52: =ROUND(J52*0.3,2) -> 5.94 | L52: =J52-K52 -> 13.86 | M52: =ROUND(K52*G52,2) -> 11.88 | N52: =O52-M52 -> 27.72 | O52: =ROUND(G52*J52,2) -> 39.6
B53: 3.2.10 | C53: SINAPI-I | D53: 39273 | E53: Curva 90 graus, curta, de pvc rigido roscavel, de 1", para eletroduto | F53: un | G53: 1 | H53: 4.29 | I53: 0.2085 | J53: =ROUND(H53*(1+I53),2) -> 5.18 | K53: =ROUND(J53*0.3,2) -> 1.55 | L53: =J53-K53 -> 3.63 | M53: =ROUND(K53*G53,2) -> 1.55 | N53: =O53-M53 -> 3.63 | O53: =ROUND(G53*J53,2) -> 5.18
B55: 3.3 | E55: Instalações para tratamento de água no abrigo | N55: Subtotal | O55: =O56 -> 1873.18
B56: 3.3.1 | C56: Cotação | D56: 23 | E56: Sistema de dosagem automática de cloro (hipoclorito de sódio) com bomba dosadora, completo, instalado compatível com adução de 5 m³/h. | F56: un | G56: 1 | H56: 1550 | I56: 0.2085 | J56: =ROUND(H56*(1+I56),2) -> 1873.18 | K56: =ROUND(J56*0.3,2) -> 561.95 | L56: =J56-K56 -> 1311.23 | M56: =ROUND(K56*G56,2) -> 561.95 | N56: =O56-M56 -> 1311.23 | O56: =ROUND(G56*J56,2) -> 1873.18
B58: 4. | E58: Poço tubular | N58: Subtotal | O58: =SUM(O59:O71) -> 36264.56
B59: 4.1 | C59: Composição | D59: BOMBA | E59: Bomba submersa trifásica 380V 6HP 30E | F59: un | G59: 1 | H59: 10741.54 | I59: 0.2085 | J59: =ROUND(H59*(1+I59),2) -> 12981.15 | K59: =ROUND(J59*0.3,2) -> 3894.35 | L59: =J59-K59 -> 9086.8 | M59: =ROUND(K59*G59,2) -> 3894.35 | N59: =O59-M59 -> 9086.8 | O59: =ROUND(G59*J59,2) -> 12981.15
B60: 4.2 | C60: Cotação | D60: 25 | E60: Quadro de comando elétrico para bomba 6 HP completo | F60: un | G60: 1 | H60: 3500 | I60: 0.2085 | J60: =ROUND(H60*(1+I60),2) -> 4229.75 | K60: =ROUND(J60*0.3,2) -> 1268.93 | L60: =J60-K60 -> 2960.82 | M60: =ROUND(K60*G60,2) -> 1268.93 | N60: =O60-M60 -> 2960.82 | O60: =ROUND(G60*J60,2) -> 4229.75
B61: 4.3 | C61: SINAPI-I | D61: 39259 | E61: Cabo multipolar de cobre, flexivel, classe 4 ou 5, isolacao em hepr, cobertura em pvc-st2, antichama BWF-b, 0,6/1 KV, 3 condutores de 4 mm² | F61: m | G61: 192 | H61: 13.54 | I61: 0.2085 | J61: =ROUND(H61*(1+I61),2) -> 16.36 | K61: =ROUND(J61*0.3,2) -> 4.91 | L61: =J61-K61 -> 11.45 | M61: =ROUND(K61*G61,2) -> 942.72 | N61: =O61-M61 -> 2198.4 | O61: =ROUND(G61*J61,2) -> 3141.12
B62: 4.4 | C62: SINAPI-I | D62: 21012 | E62: Tubo aco galvanizado com costura, classe leve, DN 40 mm (1 1/2"), e = 3,00 mm, *3,48* kg/m (nbr 5580) | F62: m | G62: 192 | H62: 50.72 | I62: 0.2085 | J62: =ROUND(H62*(1+I62),2) -> 61.3 | K62: =ROUND(J62*0.3,2) -> 18.39 | L62: =J62-K62 -> 42.91 | M62: =ROUND(K62*G62,2) -> 3530.88 | N62: =O62-M62 -> 8238.72 | O62: =ROUND(G62*J62,2) -> 11769.6
B63: 4.5 | C63: SINAPI-I | D63: 3939 | E63: Luva de ferro galvanizado, com rosca bsp, de 1 1/2" | F63: un | G63: 34 | H63: 23.33 | I63: 0.2085 | J63: =ROUND(H63*(1+I63),2) -> 28.19 | K63: =ROUND(J63*0.3,2) -> 8.46 | L63: =J63-K63 -> 19.73 | M63: =ROUND(K63*G63,2) -> 287.64 | N63: =O63-M63 -> 670.82 | O63: =ROUND(G63*J63,2) -> 958.46
B64: 4.6 | C64: Cotação | D64: 03 | E64: Tampa de poço artesiano em ferro galvanizado 6" x 1 1/2" | F64: un | G64: 1 | H64: 200 | I64: 0.2085 | J64: =ROUND(H64*(1+I64),2) -> 241.7 | K64: =ROUND(J64*0.3,2) -> 72.51 | L64: =J64-K64 -> 169.19 | M64: =ROUND(K64*G64,2) -> 72.51 | N64: =O64-M64 -> 169.19 | O64: =ROUND(G64*J64,2) -> 241.7
B65: 4.7 | C65: SINAPI-I | D65: 9868 | E65: Tubo pvc, soldavel, de 25 mm, agua fria (NBR-5648) | F65: m | G65: 25 | H65: 5.44 | I65: 0.2085 | J65: =ROUND(H65*(1+I65),2) -> 6.57 | K65: =ROUND(J65*0.3,2) -> 1.97 | L65: =J65-K65 -> 4.6 | M65: =ROUND(K65*G65,2) -> 49.25 | N65: =O65-M65 -> 115 | O65: =ROUND(G65*J65,2) -> 164.25
B66: 4.8 | C66: SINAPI-I | D66: 1796 | E66: Curva 90 graus de ferro galvanizado, com rosca bsp macho, de 1 1/4" | F66: un | G66: 1 | H66: 70.33 | I66: 0.2085 | J66: =ROUND(H66*(1+I66),2) -> 84.99 | K66: =ROUND(J66*0.3,2) -> 25.5 | L66: =J66-K66 -> 59.49 | M66: =ROUND(K66*G66,2) -> 25.5 | N66: =O66-M66 -> 59.49 | O66: =ROUND(G66*J66,2) -> 84.99
B67: 4.9 | C67: SINAPI-I | D67: 12440 | E67: Uniao de ferro galvanizado, com assento conico de bronze, de 1 1/4" | F67: un | G67: 1 | H67: 94.48 | I67: 0.2085 | J67: =ROUND(H67*(1+I67),2) -> 114.18 | K67: =ROUND(J67*0.3,2) -> 34.25 | L67: =J67-K67 -> 79.93 | M67: =ROUND(K67*G67,2) -> 34.25 | N67: =O67-M67 -> 79.93 | O67: =ROUND(G67*J67,2) -> 114.18
B68: 4.10 | C68: SINAPI-I | D68: 10411 | E68: Válvula de retencao horizontal, de bronze (pn-25), 1 1/4", 400 psi, tampa de porca de uniao, extremidades com rosca | F68: un | G68: 1 | H68: 266.67 | I68: 0.2085 | J68: =ROUND(H68*(1+I68),2) -> 322.27 | K68: =ROUND(J68*0.3,2) -> 96.68 | L68: =J68-K68 -> 225.59 | M68: =ROUND(K68*G68,2) -> 96.68 | N68: =O68-M68 -> 225.59 | O68: =ROUND(G68*J68,2) -> 322.27
B69: 4.11 | C69: SINAPI-I | D69: 12772 | E69: Hidrometro multijato / medidor de agua, DN 1 1/2", vazao maxima de 20 m³/h, para agua potavel fria, relojoaria plana, classe B, horizontal (sem conexoes) | F69: un | G69: 1 | H69: 1484.45 | I69: 0.2085 | J69: =ROUND(H69*(1+I69),2) -> 1793.96 | K69: =ROUND(J69*0.3,2) -> 538.19 | L69: =J69-K69 -> 1255.77 | M69: =ROUND(K69*G69,2) -> 538.19 | N69: =O69-M69 -> 1255.77 | O69: =ROUND(G69*J69,2) -> 1793.96
B70: 4.12 | C70: Cotação | D70: 20 | E70: Adaptador de compressão pp p/pead r.m. 50 x 1 1/2" - PN 16 | F70: un | G70: 1 | H70: 30.33 | I70: 0.2085 | J70: =ROUND(H70*(1+I70),2) -> 36.65 | K70: =ROUND(J70*0.3,2) -> 11 | L70: =J70-K70 -> 25.65 | M70: =ROUND(K70*G70,2) -> 11 | N70: =O70-M70 -> 25.65 | O70: =ROUND(G70*J70,2) -> 36.65
B71: 4.13 | C71: SINAPI | D71: 88267 | E71: Encanador ou bombeiro hidráulico com encargos complementares | F71: h | G71: 12 | H71: 29.41 | I71: 0.2085 | J71: =ROUND(H71*(1+I71),2) -> 35.54 | K71: =ROUND(J71*0.3,2) -> 10.66 | L71: =J71-K71 -> 24.88 | M71: =ROUND(K71*G71,2) -> 127.92 | N71: =O71-M71 -> 298.56 | O71: =ROUND(G71*J71,2) -> 426.48
B73: 5. | E73: Reservação | N73: Subtotal | O73: =O74+O85 -> 21361.28
B74: 5.1 | E74: Fornecimento e instalação de reservatorio 20.000 litros | O74: =SUM(O75:O83) -> 16435.7
B75: 5.1.1 | C75: SINAPI | D75: 102621 | E75: Caixa d´água em poliéster reforçado com fibra de vidro, 20000 litros - fornecimento e instalação. Af_06/2021 | F75: un | G75: 1 | H75: 12397.2 | I75: 0.2085 | J75: =ROUND(H75*(1+I75),2) -> 14982.02 | K75: =ROUND(J75*0.3,2) -> 4494.61 | L75: =J75-K75 -> 10487.41 | M75: =ROUND(K75*G75,2) -> 4494.61 | N75: =O75-M75 -> 10487.41 | O75: =ROUND(G75*J75,2) -> 14982.02
B76: 5.1.2 | C76: SINAPI | D76: 104000 | E76: Luva soldável com rosca (lr) 50mm x 1.12/2" | F76: un | G76: 3 | H76: 34.43 | I76: 0.2085 | J76: =ROUND(H76*(1+I76),2) -> 41.61 | K76: =ROUND(J76*0.3,2) -> 12.48 | L76: =J76-K76 -> 29.13 | M76: =ROUND(K76*G76,2) -> 37.44 | N76: =O76-M76 -> 87.39 | O76: =ROUND(G76*J76,2) -> 124.83
B77: 5.1.3 | C77: SINAPI | D77: 94706 | E77: Adaptador para caixa d’água com registro 50mm x 1.1/2” - adaptador com flange e anel de vedação, pvc, soldável, DN 50 mm x 1 1/2", instalado em reservação predial de água - fornecimento e instalação. Af_04/2024 | F77: un | G77: 4 | H77: 44.26 | I77: 0.2085 | J77: =ROUND(H77*(1+I77),2) -> 53.49 | K77: =ROUND(J77*0.3,2) -> 16.05 | L77: =J77-K77 -> 37.44 | M77: =ROUND(K77*G77,2) -> 64.2 | N77: =O77-M77 -> 149.76 | O77: =ROUND(G77*J77,2) -> 213.96
B78: 5.1.4 | C78: SINAPI | D78: 103039 | E78: Adaptador para caixa d’água com registro 50mm x 1.1/2” - registro de esfera, pvc, roscável, com volante, 1 1/2" - fornecimento e instalação. Af_08/2021 | F78: un | G78: =G77 -> 4 | H78: 100.66 | I78: 0.2085 | J78: =ROUND(H78*(1+I78),2) -> 121.65 | K78: =ROUND(J78*0.3,2) -> 36.5 | L78: =J78-K78 -> 85.15 | M78: =ROUND(K78*G78,2) -> 146 | N78: =O78-M78 -> 340.6 | O78: =ROUND(G78*J78,2) -> 486.6
B79: 5.1.5 | C79: SINAPI | D79: 89502 | E79: Joelho 90° pvc 50mm - joelho 45 graus, pvc, soldável, DN 50mm, instalado em prumada de água - fornecimento e instalação. Af_06/2022 | F79: un | G79: 2 | H79: 20.46 | I79: 0.2085 | J79: =ROUND(H79*(1+I79),2) -> 24.73 | K79: =ROUND(J79*0.3,2) -> 7.42 | L79: =J79-K79 -> 17.31 | M79: =ROUND(K79*G79,2) -> 14.84 | N79: =O79-M79 -> 34.62 | O79: =ROUND(G79*J79,2) -> 49.46
B80: 5.1.6 | C80: Cotação | D80: 20 | E80: Adaptador de compressão PP p/PEAD r.m. 50 x 1 1/2" - PN 16 | F80: un | G80: 2 | H80: 30.33 | I80: 0.2085 | J80: =ROUND(H80*(1+I80),2) -> 36.65 | K80: =ROUND(J80*0.3,2) -> 11 | L80: =J80-K80 -> 25.65 | M80: =ROUND(K80*G80,2) -> 22 | N80: =O80-M80 -> 51.3 | O80: =ROUND(G80*J80,2) -> 73.3
B81: 5.1.7 | C81: SINAPI | D81: 94694 | E81: Têe pvc soldável 50mm - tê, pvc, soldável, dn 50 mm instalado em reservação predial de água - fornecimento e instalação. Af_04/2024 | F81: un | G81: 2 | H81: 28.4 | I81: 0.2085 | J81: =ROUND(H81*(1+I81),2) -> 34.32 | K81: =ROUND(J81*0.3,2) -> 10.3 | L81: =J81-K81 -> 24.02 | M81: =ROUND(K81*G81,2) -> 20.6 | N81: =O81-M81 -> 48.04 | O81: =ROUND(G81*J81,2) -> 68.64
B82: 5.1.8 | C82: SINAPI | D82: 89449 | E82: Tubo, pvc, soldável, de 50mm, instalado em prumada de água - fornecimento e instalação. Af_06/2022 | F82: m | G82: 10 | H82: 23.09 | I82: 0.2085 | J82: =ROUND(H82*(1+I82),2) -> 27.9 | K82: =ROUND(J82*0.3,2) -> 8.37 | L82: =J82-K82 -> 19.53 | M82: =ROUND(K82*G82,2) -> 83.7 | N82: =O82-M82 -> 195.3 | O82: =ROUND(G82*J82,2) -> 279
C83: Cotação | D83: 21 | E83: Curva longa PVC soldável 90° 50 mm | F83: un | G83: 1 | H83: 130.65 | I83: 0.2085 | J83: =ROUND(H83*(1+I83),2) -> 157.89 | K83: =ROUND(J83*0.3,2) -> 47.37 | L83: =J83-K83 -> 110.52 | M83: =ROUND(K83*G83,2) -> 47.37 | N83: =O83-M83 -> 110.52 | O83: =ROUND(G83*J83,2) -> 157.89
B85: 5.2 | E85: Base apoiada em concreto armado 3,5x3,5 metros esp. 20 cm | N85: Subtotal | O85: =SUM(O86:O92) -> 4925.58
B86: 5.2.1 | C86: SINAPI | D86: 95240 | E86: Lastro de concreto magro, aplicado em pisos, lajes sobre solo ou radiers, espessura de 3 cm. Af_01/2024 | F86: m² | G86: =3.5*3.5 -> 12.25 | H86: 20.39 | I86: 0.2085 | J86: =ROUND(H86*(1+I86),2) -> 24.64 | K86: =ROUND(J86*0.3,2) -> 7.39 | L86: =J86-K86 -> 17.25 | M86: =ROUND(K86*G86,2) -> 90.53 | N86: =O86-M86 -> 211.31 | O86: =ROUND(G86*J86,2) -> 301.84
B87: 5.2.2 | C87: SINAPI | D87: 97086 | E87: Fabricação, montagem e desmontagem de forma para radier, piso de concreto ou laje sobre solo, em madeira serrada, 4 utilizações. Af_09/2021 | F87: m² | G87: =3.5*4*0.2 -> 2.8 | H87: 135.76 | I87: 0.2085 | J87: =ROUND(H87*(1+I87),2) -> 164.07 | K87: =ROUND(J87*0.3,2) -> 49.22 | L87: =J87-K87 -> 114.85 | M87: =ROUND(K87*G87,2) -> 137.82 | N87: =O87-M87 -> 321.58 | O87: =ROUND(G87*J87,2) -> 459.4
B88: 5.2.3 | C88: SINAPI | D88: 97096 | E88: Concretagem de radier, piso de concreto ou laje sobre solo, fck 30 mpa - lançamento, adensamento e acabamento. Af_09/2021 | F88: m³ | G88: =ROUND(3.5*3.5*0.2,2) -> 2.45 | H88: 676.72 | I88: 0.2085 | J88: =ROUND(H88*(1+I88),2) -> 817.82 | K88: =ROUND(J88*0.3,2) -> 245.35 | L88: =J88-K88 -> 572.47 | M88: =ROUND(K88*G88,2) -> 601.11 | N88: =O88-M88 -> 1402.55 | O88: =ROUND(G88*J88,2) -> 2003.66
B89: 5.2.4 | C89: SINAPI | D89: 92768 | E89: Armação de laje de estrutura convencional de concreto armado utilizando aço ca-60 de 5,0 mm - montagem. Af_06/2022 | F89: kg | G89: 86 | H89: 13.85 | I89: 0.2085 | J89: =ROUND(H89*(1+I89),2) -> 16.74 | K89: =ROUND(J89*0.3,2) -> 5.02 | L89: =J89-K89 -> 11.72 | M89: =ROUND(K89*G89,2) -> 431.72 | N89: =O89-M89 -> 1007.92 | O89: =ROUND(G89*J89,2) -> 1439.64
B90: 5.2.5 | C90: SINAPI | D90: 100576 | E90: Regularização e compactação de subleito de solo predominantemente argiloso, para obras de construção de pavimentos. Af_09/2024 | F90: m² | G90: =ROUND(3.5*3.5,2) -> 12.25 | H90: 3.04 | I90: 0.2085 | J90: =ROUND(H90*(1+I90),2) -> 3.67 | K90: =ROUND(J90*0.3,2) -> 1.1 | L90: =J90-K90 -> 2.57 | M90: =ROUND(K90*G90,2) -> 13.48 | N90: =O90-M90 -> 31.48 | O90: =ROUND(G90*J90,2) -> 44.96
B91: 5.2.6 | C91: SINAPI | D91: 5680 | E91: Retroescavadeira sobre rodas com carregadeira, tração 4x2, potência líq. 79 hp, caçamba carreg. Cap. Mín. 1 m3, caçamba retro cap. 0,20 m³, peso operacional mín. 6.570 kg, profundidade escavação máx. 4,37 m - chp diurno. Af_06/2014 | F91: chp | G91: 4 | H91: 139.86 | I91: 0.2085 | J91: =ROUND(H91*(1+I91),2) -> 169.02 | K91: =ROUND(J91*0.3,2) -> 50.71 | L91: =J91-K91 -> 118.31 | M91: =ROUND(K91*G91,2) -> 202.84 | N91: =O91-M91 -> 473.24 | O91: =ROUND(G91*J91,2) -> 676.08
B93: 6. | E93: Escavações, reaterro | N93: Subtotal | O93: =SUM(O94:O96) -> 8512.52
B94: 6.1 | C94: SINAPI | D94: 102323 | E94: Escavação mecanizada de vala com prof. Até 1,5 m (média montante e jusante/uma composição por trecho), retroescav. (0,26 m³), larg. De 0,8 m a 1,5 m, em solo de 2a categoria, em locais com alto nível de interferência. Af_09/2024 | F94: m³ | G94: 192.5 | H94: 17.16 | I94: 0.2085 | J94: =ROUND(H94*(1+I94),2) -> 20.74 | K94: =ROUND(J94*0.3,2) -> 6.22 | L94: =J94-K94 -> 14.52 | M94: =ROUND(K94*G94,2) -> 1197.35 | N94: =O94-M94 -> 2795.1 | O94: =ROUND(G94*J94,2) -> 3992.45
B95: 6.2 | C95: SINAPI | D95: 106672 | E95: Preparo de fundo de vala com largura menor que 1,5 m (acerto do solo natural), em local com nível alto de interferência. Af_01/2026 | F95: m² | G95: =0.5*270 -> 135 | H95: 11.13 | I95: 0.2085 | J95: =ROUND(H95*(1+I95),2) -> 13.45 | K95: =ROUND(J95*0.3,2) -> 4.04 | L95: =J95-K95 -> 9.41 | M95: =ROUND(K95*G95,2) -> 545.4 | N95: =O95-M95 -> 1270.35 | O95: =ROUND(G95*J95,2) -> 1815.75
B96: 6.3 | C96: SINAPI | D96: 5680 | E96: Retroescavadeira sobre rodas com carregadeira, tração 4x2, potência líq. 79 hp, caçamba carreg. Cap. Mín. 1 m3, caçamba retro cap. 0,20 m³, peso operacional mín. 6.570 kg, profundidade escavação máx. 4,37 m - chp diurno. Af_06/2014 | F96: chp | G96: 16 | H96: 139.86 | I96: 0.2085 | J96: =ROUND(H96*(1+I96),2) -> 169.02 | K96: =ROUND(J96*0.3,2) -> 50.71 | L96: =J96-K96 -> 118.31 | M96: =ROUND(K96*G96,2) -> 811.36 | N96: =O96-M96 -> 1892.96 | O96: =ROUND(G96*J96,2) -> 2704.32
B98: 7. | E98: Adutora | N98: Subtotal | O98: =SUM(O99:O102) -> 12945.17
B99: 7.1 | C99: SINAPI-I | D99: 44521 | E99: Tubo de polietileno de alta densidade, PEAD, PE-80, DN= 50 mm x 4,6 mm parede, (sdr 11 - pn 12,5) para rede de agua ou esgoto (NBR 15561) | F99: m | G99: 255 | H99: 32.94 | I99: 0.2085 | J99: =ROUND(H99*(1+I99),2) -> 39.81 | K99: =ROUND(J99*0.3,2) -> 11.94 | L99: =J99-K99 -> 27.87 | M99: =ROUND(K99*G99,2) -> 3044.7 | N99: =O99-M99 -> 7106.85 | O99: =ROUND(G99*J99,2) -> 10151.55
B100: 7.2 | C100: Cotação | D100: 18 | E100: Luva em PEAD DN 50 | F100: un | G100: 2 | H100: 58.2 | I100: 0.2085 | J100: =ROUND(H100*(1+I100),2) -> 70.33 | K100: =ROUND(J100*0.3,2) -> 21.1 | L100: =J100-K100 -> 49.23 | M100: =ROUND(K100*G100,2) -> 42.2 | N100: =O100-M100 -> 98.46 | O100: =ROUND(G100*J100,2) -> 140.66
B101: 7.3 | C101: SINAPI | D101: 88246 | E101: Assentador de tubos com encargos complementares | F101: h | G101: 48 | H101: 20.9 | I101: 0.2085 | J101: =ROUND(H101*(1+I101),2) -> 25.26 | K101: =ROUND(J101*0.3,2) -> 7.58 | L101: =J101-K101 -> 17.68 | M101: =ROUND(K101*G101,2) -> 363.84 | N101: =O101-M101 -> 848.64 | O101: =ROUND(G101*J101,2) -> 1212.48
B102: 7.4 | C102: SINAPI | D102: 88316 | E102: Servente com encargos complementares | F102: h | G102: 48 | H102: 24.83 | I102: 0.2085 | J102: =ROUND(H102*(1+I102),2) -> 30.01 | K102: =ROUND(J102*0.3,2) -> 9 | L102: =J102-K102 -> 21.01 | M102: =ROUND(K102*G102,2) -> 432 | N102: =O102-M102 -> 1008.48 | O102: =ROUND(G102*J102,2) -> 1440.48
B104: 8. | E104: Alimentação (distribuição) | N104: Subtotal | O104: =SUM(O105:O112) -> 15732.99
B105: 8.1 | C105: SINAPI-I | D105: 44521 | E105: Tubo de polietileno de alta densidade, PEAD, PE-80, DN=50 mm x 4,6 mm parede, (sdr 11 - pn 12,5) para rede de agua ou esgoto (nbr 15561) | F105: m | G105: 275 | H105: 32.94 | I105: 0.2085 | J105: =ROUND(H105*(1+I105),2) -> 39.81 | K105: =ROUND(J105*0.3,2) -> 11.94 | L105: =J105-K105 -> 27.87 | M105: =ROUND(K105*G105,2) -> 3283.5 | N105: =O105-M105 -> 7664.25 | O105: =ROUND(G105*J105,2) -> 10947.75
B106: 8.2 | C106: Cotação | D106: 18 | E106: Luva em PEAD DN 50 | F106: un | G106: 2 | H106: 58.2 | I106: 0.2085 | J106: =ROUND(H106*(1+I106),2) -> 70.33 | K106: =ROUND(J106*0.3,2) -> 21.1 | L106: =J106-K106 -> 49.23 | M106: =ROUND(K106*G106,2) -> 42.2 | N106: =O106-M106 -> 98.46 | O106: =ROUND(G106*J106,2) -> 140.66
B107: 8.3 | C107: SINAPI | D107: 88246 | E107: Assentador de tubos com encargos complementares | F107: h | G107: 48 | H107: 20.9 | I107: 0.2085 | J107: =ROUND(H107*(1+I107),2) -> 25.26 | K107: =ROUND(J107*0.3,2) -> 7.58 | L107: =J107-K107 -> 17.68 | M107: =ROUND(K107*G107,2) -> 363.84 | N107: =O107-M107 -> 848.64 | O107: =ROUND(G107*J107,2) -> 1212.48
B108: 8.4 | C108: SINAPI | D108: 88316 | E108: Servente com encargos complementares | F108: h | G108: 48 | H108: 24.83 | I108: 0.2085 | J108: =ROUND(H108*(1+I108),2) -> 30.01 | K108: =ROUND(J108*0.3,2) -> 9 | L108: =J108-K108 -> 21.01 | M108: =ROUND(K108*G108,2) -> 432 | N108: =O108-M108 -> 1008.48 | O108: =ROUND(G108*J108,2) -> 1440.48
B109: 8.5 | C109: SICRO | D109: 2003679 | E109: Poço de visita - pvi 02 - areia extraída e brita produzida | F109: un | G109: 1 | H109: 416 | I109: 0.2085 | J109: =ROUND(H109*(1+I109),2) -> 502.74 | K109: =ROUND(J109*0.3,2) -> 150.82 | L109: =J109-K109 -> 351.92 | M109: =ROUND(K109*G109,2) -> 150.82 | N109: =O109-M109 -> 351.92 | O109: =ROUND(G109*J109,2) -> 502.74
B110: 8.6 | C110: SINAPI-I | D110: 43824 | E110: Valvula redutora de pressao 1 1/4", extremidades com rosca | F110: un | G110: 1 | H110: 400 | I110: 0.2085 | J110: =ROUND(H110*(1+I110),2) -> 483.4 | K110: =ROUND(J110*0.3,2) -> 145.02 | L110: =J110-K110 -> 338.38 | M110: =ROUND(K110*G110,2) -> 145.02 | N110: =O110-M110 -> 338.38 | O110: =ROUND(G110*J110,2) -> 483.4
B111: 8.7 | C111: SINAPI | D111: 104037 | E111: Colar de tomada, ferro fundido, com parafusos, dn 50 mm x 3/4", para ligação predial de água. Af_06/2022 | F111: un | G111: 1 | H111: 416 | I111: 0.2085 | J111: =ROUND(H111*(1+I111),2) -> 502.74 | K111: =ROUND(J111*0.3,2) -> 150.82 | L111: =J111-K111 -> 351.92 | M111: =ROUND(K111*G111,2) -> 150.82 | N111: =O111-M111 -> 351.92 | O111: =ROUND(G111*J111,2) -> 502.74
B112: 8.8 | C112: Cotação | D112: 19 | E112: Têe de compressão PP/PEAD 50 mm | F112: un | G112: 1 | H112: 416 | I112: 0.2085 | J112: =ROUND(H112*(1+I112),2) -> 502.74 | K112: =ROUND(J112*0.3,2) -> 150.82 | L112: =J112-K112 -> 351.92 | M112: =ROUND(K112*G112,2) -> 150.82 | N112: =O112-M112 -> 351.92 | O112: =ROUND(G112*J112,2) -> 502.74
B114: 9. | E114: Rede de energia para chave bóia | N114: Subtotal | O114: =SUM(O115:O118) -> 3027.53
B115: 9.1 | C115: SINAPI-I | D115: 1013 | E115: Cabo de cobre, flexivel, classe 4 ou 5, isolacao em pvc/a, antichama BWF-B, 1 condutor, 450/750 V, secao nominal 1,5 mm2 | F115: m | G115: 500 | H115: 1.46 | I115: 0.2085 | J115: =ROUND(H115*(1+I115),2) -> 1.76 | K115: =ROUND(J115*0.3,2) -> 0.53 | L115: =J115-K115 -> 1.23 | M115: =ROUND(K115*G115,2) -> 265 | N115: =O115-M115 -> 615 | O115: =ROUND(G115*J115,2) -> 880
B116: 9.2 | C116: SINAPI-I | D116: 39243 | E116: Eletroduto pvc flexivel corrugado, reforcado, cor laranja, de 20 mm, para lajes e pisos | F116: m | G116: 250 | H116: 4.18 | I116: 0.2085 | J116: =ROUND(H116*(1+I116),2) -> 5.05 | K116: =ROUND(J116*0.3,2) -> 1.52 | L116: =J116-K116 -> 3.53 | M116: =ROUND(K116*G116,2) -> 380 | N116: =O116-M116 -> 882.5 | O116: =ROUND(G116*J116,2) -> 1262.5
...

Sheet CRONOGRAMA
B1: PREFEITURA MUNICIPAL DE VERANÓPOLIS
B4: CRONOGRAMA FÍSICO-FINANCEIRO
B5: CONSTRUÇÃO PAVILHÃO BOM SAMARITANO - ETAPA 2
F7: =ORÇAMENTO!G6 -> Referência: SINAPI RS 02/2026
F8: =ORÇAMENTO!G7 -> BDI não desonerado: 20,85%
D9: TOTAL | E9: 1° MÊS | F9: 2° MÊS | G9: 3° MÊS | H9: TOTAL
B11: =ORÇAMENTO!B12 -> 1. | C11: =ORÇAMENTO!E12 -> Administração local
C12: Físico | E12: =E13/$D13 -> 0.13982468 | F12: =F13/$D13 -> 0.4416063 | G12: =G13/$D13 -> 0.41856902 | H12: =E12+G12+F12 -> 1
C13: Financeiro | D13: =ORÇAMENTO!O12 -> 1584.13 | E13: =(E16+E19+E22+E25+E28+E31+E37+E40+E34)*$D13/($D34+$D40+$D37+$D31+$D28+$D25+$D22+$D19+$D16) -> 221.50047 | F13: =(F16+F19+F22+F25+F28+F31+F37+F40+F34)*$D13/($D34+$D40+$D37+$D31+$D28+$D25+$D22+$D19+$D16) -> 699.56179 | G13: =(G16+G19+G22+G25+G28+G31+G37+G40+G34)*$D13/($D34+$D40+$D37+$D31+$D28+$D25+$D22+$D19+$D16) -> 663.06774 | H13: =E13+G13++F13 -> 1584.13
B14: =ORÇAMENTO!B15 -> 2. | C14: =ORÇAMENTO!E15 -> Serviços iniciais
C15: Físico | E15: 1 | H15: =E15+G15+F15 -> 1
C16: Financeiro | D16: =ORÇAMENTO!O15 -> 2522.03 | E16: =$D16*E15 -> 2522.03 | F16: =$D16*F15 -> 0 | G16: =$D16*G15 -> 0 | H16: =E16+G16++F16 -> 2522.03
B17: =ORÇAMENTO!B18 -> 3. | C17: =ORÇAMENTO!E18 -> Abrigo de poço
C18: Físico | E18: =E22/D19 -> 0.46435089 | F18: =(F22+F25+F28)/D19 -> 0.53564911 | H18: =E18+G18+F18 -> 1
C19: Financeiro | D19: =ORÇAMENTO!O18 -> 13673.72 | E19: =$D19*E18 -> 6349.404 | F19: =$D19*F18 -> 7324.316 | G19: =$D19*G18 -> 0 | H19: =E19+G19++F19 -> 13673.72
B20: 3.1 | C20: =ORÇAMENTO!E19 -> Abrigo de poço - Construção
C21: Físico | E21: 0.6 | F21: 0.4 | H21: =E21+G21+F21 -> 1
C22: Financeiro | D22: =ORÇAMENTO!O19 -> 10582.34 | E22: =$D22*E21 -> 6349.404 | F22: =$D22*F21 -> 4232.936 | G22: =$D22*G21 -> 0 | H22: =E22+G22++F22 -> 10582.34
B23: 3.2 | C23: =ORÇAMENTO!E43 -> Abrigo de poço - Instalações elétricas
C24: Físico | F24: 1 | H24: =E24+G24+F24 -> 1
C25: Financeiro | D25: =ORÇAMENTO!O43 -> 1218.2 | E25: =$D25*E24 -> 0 | F25: =$D25*F24 -> 1218.2 | G25: =$D25*G24 -> 0 | H25: =E25+G25++F25 -> 1218.2
B26: 3.3 | C26: =ORÇAMENTO!E55 -> Instalações para tratamento de água no abrigo
C27: Físico | F27: 1 | H27: =E27+G27+F27 -> 1
C28: Financeiro | D28: =ORÇAMENTO!O55 -> 1873.18 | E28: =$D28*E27 -> 0 | F28: =$D28*F27 -> 1873.18 | G28: =$D28*G27 -> 0 | H28: =E28+G28++F28 -> 1873.18
B29: 4. | C29: =ORÇAMENTO!E58 -> Poço tubular
C30: Físico | F30: 0.65 | G30: 0.35 | H30: =E30+G30+F30 -> 1
C31: Financeiro | D31: =ORÇAMENTO!O58 -> 36264.56 | E31: =$D31*E30 -> 0 | F31: =$D31*F30 -> 23571.964 | G31: =$D31*G30 -> 12692.596 | H31: =E31+G31++F31 -> 36264.56
B32: 5. | C32: =ORÇAMENTO!E73 -> Reservação
C33: Físico | F33: =F40/D34 -> 0.2305845 | G33: =G37/D34 -> 0.7694155 | H33: =E33+G33+F33 -> 1
C34: Financeiro | D34: =ORÇAMENTO!O73 -> 21361.28 | E34: =$D34*E33 -> 0 | F34: =F40 -> 4925.58 | G34: =G37+G40 -> 16435.7 | H34: =E34+G34++F34 -> 21361.28
B35: 5.1 | C35: =ORÇAMENTO!E74 -> Fornecimento e instalação de reservatorio 20.000 litros
C36: Físico | G36: 1 | H36: =E36+G36+F36 -> 1
C37: Financeiro | D37: =ORÇAMENTO!O74 -> 16435.7 | E37: =$D37*E36 -> 0 | F37: =$D37*F36 -> 0 | G37: =$D37*G36 -> 16435.7 | H37: =E37+G37++F37 -> 16435.7
B38: 5.2 | C38: =ORÇAMENTO!E85 -> Base apoiada em concreto armado 3,5x3,5 metros esp. 20 cm
C39: Físico | F39: 1 | H39: =E39+G39+F39 -> 1
C40: Financeiro | D40: =ORÇAMENTO!O85 -> 4925.58 | E40: =$D40*E39 -> 0 | F40: =$D40*F39 -> 4925.58 | G40: =$D40*G39 -> 0 | H40: =E40+G40++F40 -> 4925.58
B41: 6. | C41: =ORÇAMENTO!E93 -> Escavações, reaterro
C42: Físico | F42: 0.3 | G42: 0.7 | H42: =E42+G42+F42 -> 1
C43: Financeiro | D43: =ORÇAMENTO!O93 -> 8512.52 | E43: =$D43*E42 -> 0 | F43: =$D43*F42 -> 2553.756 | G43: =$D43*G42 -> 5958.764 | H43: =E43+G43++F43 -> 8512.52
B44: 7. | C44: =ORÇAMENTO!E98 -> Adutora
C45: Físico | G45: 1 | H45: =E45+G45+F45 -> 1
C46: Financeiro | D46: =ORÇAMENTO!O98 -> 12945.17 | E46: =$D46*E45 -> 0 | F46: =$D46*F45 -> 0 | G46: =$D46*G45 -> 12945.17 | H46: =E46+G46++F46 -> 12945.17
B47: 8. | C47: =ORÇAMENTO!E104 -> Alimentação (distribuição)
C48: Físico | G48: 1 | H48: =E48+G48+F48 -> 1
C49: Financeiro | D49: =ORÇAMENTO!O104 -> 15732.99 | E49: =$D49*E48 -> 0 | F49: =$D49*F48 -> 0 | G49: =$D49*G48 -> 15732.99 | H49: =E49+G49++F49 -> 15732.99
B50: 9. | C50: =ORÇAMENTO!E114 -> Rede de energia para chave bóia
C51: Físico | G51: 1 | H51: =E51+G51+F51 -> 1
C52: Financeiro | D52: =ORÇAMENTO!O114 -> 3027.53 | E52: =$D52*E51 -> 0 | F52: =$D52*F51 -> 0 | G52: =$D52*G51 -> 3027.53 | H52: =E52+G52++F52 -> 3027.53
B54: TOTAL | D54: =H55/D55 -> 1 | E54: =E55/D55 -> 0.078642323 | F54: =F55/D55 -> 0.33795061 | G54: =G55/D55 -> 0.58340707 | H54: =E54+G54+F54 -> 1 | J54: =H40+H37+H34+H31+H28+H25+H22+H19+H16+H13 -> 110440.72
D55: =D13+D16+D19+D31+D34+D43+D46+D49+D52 -> 115623.93 | E55: =E13+E16+E19+E31+E34+E43+E46+E49+E52 -> 9092.9345 | F55: =F13+F19+F31+F34+F43+F46+F49+F52 -> 39075.178 | G55: =G13+G16+G19+G31+G34+G43+G46+G49+G52 -> 67455.818 | H55: =H13+H16+H19+H31+H34+H43+H46+H49+H52 -> 115623.93 | J55: =D55-E55-G55-F55 -> 0
J56: =E55+G55-H55+F55 -> 0
B57: =ORÇAMENTO!B124 -> Roca Sales, 20 de abril de 2026.
C61: =ORÇAMENTO!E128 -> JONES WÜNSCH | E61: =ORÇAMENTO!G128 -> CRISTIANO FUGALI
C62: =ORÇAMENTO!E129 -> Prefeito Municipal de Roca Sales | E62: =ORÇAMENTO!G129 -> Eng. Civil - CREA RS236549

Sheet COMPOSIÇÕES
B1: PREFEITURA MUNICIPAL DE ROCA SALES
B3: COMPOSIÇÕES
G6: Referência: SINAPI RS 02/2026
G7: BDI não desonerado: 20,85%
C10: FONTE | D10: CÓDIGO | E10: DESCRIÇÃO | F10: UNIDADE | G10: COEF. | H10: CUSTO UNIT. DES | I10: CUSTO UNIT N. DES.
C12: Composição | D12: 11 | E12: Administração local | F12: cj | H12: 1219.5 | I12: 1310.82
C13: SINAPI | D13: 90778 | E13: Engenheiro civil de obra pleno com encargos complementares | F13: H | G13: 6 | H13: 135.68 | I13: 146.28
C14: SINAPI | D14: 90781 | E14: Topografo com encargos complementares | F14: H | G14: 6 | H14: 44.63 | I14: 47.82
C15: SINAPI | D15: 88253 | E15: Auxiliar de topógrafo com encargos complementares | F15: H | G15: 6 | H15: 22.94 | I15: 24.37
C17: Composição | D17: Cerca | E17: Cercamento com tela de arrame galvanizado | F17: m | H17: 132.62 | I17: 134.79
C18: SINAPI | D18: 88316 | E18: Servente com encargos complementares | F18: H | G18: 0.4492845 | H18: 23.48 | I18: 24.83
C19: SINAPI | D19: 88309 | E19: Pedreiro com encargos complementares | F19: H | G19: 0.898569 | H19: 28.14 | I19: 29.88
C20: SINAPI-I | D20: 43130 | E20: Arame galvanizado 12 bwg, d = 2,76 mm (0,048 kg/m) ou 14 bwg, d = 2,11 mm (0,026 kg/m) | F20: kg | G20: 0.0886 | H20: 20 | I20: 20
C21: SINAPI-I | D21: 10937 | E21: Tela de arame galvanizada revestida em pvc, quadrangular / losangular, fio 2,11 mm (14 bwg), bitola final = *2,8* mm, malha *8 x 8* cm, h = 2 m | F21: m² | G21: 2.11 | H21: 29.73 | I21: 29.73
C22: SINAPI-I | D22: 36799 | E22: Mourao de concreto reto, tipo esticador, *10 x 10* cm, h= 2,50 m | F22: un | G22: 0.44 | H22: 73.37 | I22: 73.37
C24: Composição | D24: BOMBA | E24: BOMBA SUBMERSA TRIFÁSICA 380V 6HP 30E | H24: 10720.95 | I24: 10741.54
C25: SINAPI | D25: 88267 | E25: Encanador ou bombeiro hidráulico com encargos complementares | F25: h | G25: 5.5309815 | H25: 27.68 | I25: 29.41
C26: SINAPI | D26: 88264 | E26: Eletricista com encargos complementares | F26: h | G26: 0.8691791 | H26: 30.11 | I26: 31.99
C27: SINAPI | D27: 88248 | E27: Auxiliar de encanador ou bombeiro hidráulico com encargos complementares | F27: h | G27: 5.5309815 | H27: 24.26 | I27: 25.72
C28: SINAPI | D28: 88247 | E28: Auxiliar de eletricista com encargos complementares | F28: h | G28: 0.8691791 | H28: 25.2 | I28: 26.69
C29: SINAPI-I | D29: 44115 | E29: Mangueira flexivel transparente com espiral azul, em pvc, diam. 2" (50 mm), para servicos leves de succao e descarga | F29: m | G29: 3 | H29: 28.3 | I29: 28.3
C30: SINAPI-I | D30: 5086 | E30: Corrente de elo curto comum, soldada, galvanizada, espessura do elo = 1/2" (12,5 mm) | F30: kg | G30: 10.1376 | H30: 36.37 | I30: 36.37
C31: Cotação | D31: 24 | E31: Bomba submersa trif. 380v 6 hp 30e | F31: un | G31: 1 | H31: 9932 | I31: 9932
B37: Roca Sales, 20 de abril de 2026.
G41: CRISTIANO FUGALI
G42: Eng. Civil - CREA RS236549

Sheet COTAÇÕES
B1: PREFEITURA MUNICIPAL DE ROCA SALES
B3: COTAÇÕES
G6: Referência: SINAPI RS 02/2026
G7: BDI não desonerado: 20,85%
C10: FONTE | D10: CÓDIGO | E10: DESCRIÇÃO | F10: UNIDADE | G10: MEDIANA | H10: DATA COTAÇÃO
C12: COTAÇÃO | D12: 3 | E12: Tampa de poço artesiano em ferro galvanizado 6" x 1 1/2"
C13: EMPRESA | E13: HIDROSOLUÇÕES POÇOS ARTESIANOS E BOMBAS | F13: UN | G13: 200 | H13: 46113
C15: COTAÇÃO | D15: 18 | E15: Luva em PEAD DN 50
C16: EMPRESA | E16: RACAZA | F16: UN | G16: 58.2 | H16: 46113
C18: COTAÇÃO | D18: 19 | E18: Têe de compressão PP/PEAD 50 mm
C19: EMPRESA | E19: RACAZA | F19: UN | G19: 135 | H19: =H16 -> 46113
C21: COTAÇÃO | D21: 20 | E21: Adaptador de Compressão PP p/PEAD R.M. 50 X 1 1/2" - PN 16
C22: EMPRESA | E22: RACAZA | F22: UN | G22: 30.33 | H22: =H19 -> 46113
C24: COTAÇÃO | D24: 21 | E24: Curva longa PVC soldável 90° 50 mm
C25: EMPRESA | E25: RACAZA | F25: UN | G25: 130.65 | H25: =H22 -> 46113
C27: COTAÇÃO | D27: 22 | E27: Automático de bóia superior / inferior 15 A 250 V - acionamento das bombas
C28: EMPRESA | E28: MAGAZINE LUIZA | F28: UN | G28: 220.5 | H28: =H22 -> 46113
C30: COTAÇÃO | D30: 25 | E30: Quadro de comando elétrico para bomba 6 HP completo
C31: EMPRESA | E31: HIDROSOLUÇÕES POÇOS ARTESIANOS E BOMBAS | F31: UN | G31: 3500 | H31: 46113
B37: Roca Sales, 20 de abril de 2026.
G41: CRISTIANO FUGALI
G42: Eng. Civil - CREA RS236549

Sheet Planilha1
A1: Coluna1 | B1: diâmetro | C1: massa (kg) | D1: local | E1: Coluna5
A2: N01 13 mm 12.5 CA-50 84 182 cm 153 m 15 cm 0,02 m³ 147,39 kg FUNDAÇÕES | B2: 12.5 | C2: 147.39 | D2: fundação
A3: N02 16 mm 16 CA-50 46 218 cm 100 m 15 cm 0,02 m³ 158,04 kg FUNDAÇÕES | B3: 16 | C3: 158.04 | D3: fundação
A4: N03 13 mm 12.5 CA-50 28 321 cm 90 m 15 cm 0,01 m³ 86,67 kg FUNDAÇÕES | B4: 12.5 | C4: 86.67 | D4: fundação
A5: N04 10 mm 10 CA-60 16 340 cm 54 m 30 cm 0,00 m³ 33,57 kg FUNDAÇÕES | B5: 10 | C5: 33.57 | D5: fundação
A6: N05 16 mm 16 CA-50 44 182 cm 80 m 15 cm 0,02 m³ 126,49 kg FUNDAÇÕES | B6: 16 | C6: 126.49 | D6: fundação
A7: N06 13 mm 12.5 CA-50 44 182 cm 80 m 15 cm 0,01 m³ 77,28 kg FUNDAÇÕES | B7: 12.5 | C7: 77.28 | D7: fundação
A8: N07 16 mm 16 CA-50 130 <varia> 308 m 15 cm 0,06 m³ 485,59 kg FUNDAÇÕES | B8: 16 | C8: 485.59 | D8: fundação
A9: N08 6 mm 6.3 CA-50 6 631 cm 38 m 30 cm 0,00 m³ 9,26 kg FUNDAÇÕES | B9: 6.3 | C9: 9.26 | D9: fundação
A10: N09 16 mm 16 CA-50 84 338 cm 284 m 15 cm 0,06 m³ 447,70 kg FUNDAÇÕES | B10: 16 | C10: 447.7 | D10: fundação
A11: N10 16 mm 16 CA-50 84 218 cm 183 m 15 cm 0,04 m³ 288,60 kg FUNDAÇÕES | B11: 16 | C11: 288.6 | D11: fundação
A12: N11 13 mm 12.5 CA-50 16 627 cm 100 m 30 cm 0,01 m³ 96,70 kg FUNDAÇÕES | B12: 12.5 | C12: 96.7 | D12: fundação
A13: N12 13 mm 12.5 CA-50 28 640 cm 179 m 15 cm 0,02 m³ 172,69 kg FUNDAÇÕES | B13: 12.5 | C13: 172.69 | D13: fundação
... A33: N32 16 mm 16 CA-50 42 405 cm 170 m 15 cm 0,03 m³ 268,44 kg MESOESTRUTURA | B33: 16 | C33: 268.44 | D33: meso
A34: N33 10 mm 10 CA-50 55 289 cm 159 m 15 cm 0,01 m³ 98,03 kg MESOESTRUTURA | B34: 10 | D34: meso
A35: N34 13 mm 12.5 CA-50 43 403 cm 173 m 15 cm 0,02 m³ 166,84 kg MESOESTRUTURA | B35: 12.5 | D35: meso
A36: N35 10 mm 10 CA-50 56 <varia> 167 m 15 cm 0,01 m³ 103,21 kg MESOESTRUTURA | B36: 10 | D36: meso
A37: N36 13 mm 12.5 CA-50 82 403 cm 330 m 15 cm 0,04 m³ 318,16 kg MESOESTRUTURA | B37: 12.5 | D37: meso
A38: N37 10 mm 10 CA-50 54 <varia> 161 m 15 cm 0,01 m³ 99,51 kg MESOESTRUTURA | B38: 10 | D38: meso
A39: N38 16 mm 16 CA-50 82 405 cm 332 m 15 cm 0,07 m³ 524,09 kg MESOESTRUTURA | B39: 16 | D39: meso
A40: N39 10 mm 10 CA-50 112 <varia> 687 m 15 cm 0,05 m³ 423,65 kg MESOESTRUTURA | B40: 10 | D40: meso
A41: N40 13 mm 12.5 CA-50 42 403 cm 169 m 15 cm 0,02 m³ 162,96 kg MESOESTRUTURA | B41: 12.5 | D41: meso
A42: N41 10 mm 10 CA-50 56 305 cm 171 m 15 cm 0,01 m³ 105,39 kg MESOESTRUTURA | B42: 10 | D42: meso
A43: N42 16 mm 16 CA-50 42 405 cm 170 m 15 cm 0,03 m³ 268,44 kg MESOESTRUTURA | B43: 16 | D43: meso
A44: N43 20 mm 20 CA-50 41 489 cm 201 m 15 cm 0,06 m³ 494,58 kg MESOESTRUTURA | B44: 20 | D44: meso
A45: N44 20 mm 20 CA-50 41 489 cm 201 m 15 cm 0,06 m³ 494,58 kg MESOESTRUTURA | B45: 20 | D45: meso
... A53: N52 32 mm 25 CA-50 16 <varia> 150 m 15 cm 0,12 m³ 947,65 kg VIGAS | B53: 25 | D53: viga
A54: N53 13 mm 12.5 CA-50 26 1816 cm 472 m 20 cm 0,06 m³ 454,78 kg TABULEIRO | B54: 25
A55: N54 6 mm 6.3 CA-50 17 1812 cm 308 m 30 cm 0,01 m³ 75,38 kg TABULEIRO | B55: 12.5
A56: N55 5 mm 5 CA-60 182 82 cm 150 m 20 cm 0,00 m³ 23,05 kg GUARDA RODA | B56: 6.3
A57: N56 10 mm 10 CA-50 8 <varia> 146 m 0,01 m³ 90,22 kg GUARDA RODA | B57: 10
A58: N57 32 mm 25 CA-50 72 150 cm 108 m 100 cm 0,09 m³ 681,84 kg TIRANTES | B58: 25
A59: N58 10 mm 10 CA-50 59 250 cm 147 m 30 cm 0,01 m³ 90,94 kg MESOESTRUTURA | B59: 10
A60: N59 5 mm 5 CA-60 352 64 cm 227 m 30 cm 0,00 m³ 34,99 kg MESOESTRUTURA | B60: 5
A61: N60 16 mm 16 CA-50 174 541 cm 941 m 20 cm 0,19 m³ 1485,64 kg TABULEIRO | B61: 16
A62: N61 4 mm 4.2 CA-60 184 25 cm 46 m 20 cm 0,00 m³ 5,00 kg GUARDA RODA | B62: 4.2
